 Dungeon Crawl Stone Soup version 0.26-a0-29-gb080af9 (webtiles) character file.

Game seed: 11629146262977482175, levelgen mode: deterministic

36551 thirtiethelement the Destroyer (level 13, -5/99 HPs)
             Began as a Gnoll Conjurer on May 29, 2020.
             Was an Elder of Vehumet.
             Slain by a polar bear (19 damage)
             ... on level 5 of the Lair of Beasts.
             The game lasted 01:13:08 (20534 turns).

thirtiethelement the Destroyer (Gnoll Conjurer)    Turns: 20534, Time: 01:13:10

Health: -5/99      AC: 19    Str: 16    XL:     13   Next: 91%
Magic:  20/24      EV: 19    Int: 23    God:    Vehumet [****..]
Gold:   796        SH:  0    Dex: 20    Spells: 2/31 levels left

rFire    . . .     SeeInvis +   z - +3 quarterstaff of the Muttering Fulmar {vorpal, rElec Int+2}
rCold    + . .     Gourm    .   (shield currently unavailable)
rNeg     . . .     Faith    .   y - +4 acid dragon scales
rPois    +         Spirit   .   j - +2 hat
rElec    +         Reflect  .   C - scarf {+Inv}
rCorr    +         Harm     .   l - +2 pair of gloves
MR       .....                  N - +0 pair of boots
Stlth    ++++......             t - amulet "Ylouh" {RegenMP rF- rC+ Str+4 Dex+4}
HPRegen  0.26/turn              i - ring of protection from fire
MPRegen  0.44/turn              B - ring of see invisible

@: lethally poisoned (-5 -> -7)
A: distributed training, fangs 2, talons 1, blurry vision 1, low mp 1, poison
resistance, strong nose
a: Renounce Religion, Evoke Invisibility


You were on level 5 of the Lair of Beasts.
You worshipped Vehumet.
Vehumet was greatly pleased with you.
You were not hungry.

You visited 3 branches of the dungeon, and saw 19 of its levels.

You collected 1312 gold pieces.
You spent 516 gold pieces at shops.

Inventory:

Hand Weapons
 z - the +3 quarterstaff of the Muttering Fulmar (weapon) {vorpal, rElec Int+2}
   (You bought it in a shop on level 8 of the Dungeon)

   It inflicts extra damage upon your enemies.
   It affects your intelligence (+2).
   It insulates you from electricity.
 D - a +5 dagger of chaos
Missiles
 s - 13 boomerangs (quivered)
Armour
 j - a +2 hat (worn)
 l - a +2 pair of gloves (worn)
 y - +4 acid dragon scales (worn)
 C - a scarf of invisibility (worn)
 G - the +2 ring mail "Cougesees" {rN+}
   (You found it on level 9 of the Dungeon)

   It protects you from negative energy.
 N - a +0 pair of boots (worn)
Jewellery
 a - the ring of Denuo {rPois rN+ MP+9}
   (You found it on level 5 of the Lair of Beasts)

   [ring of magical power]

   It protects you from poison.
   It protects you from negative energy.
   It affects your magic capacity (+9).
 b - an uncursed ring of resist corrosion
 g - the amulet "Riutt" {Acrobat Dex+3 Slay+3}
   (You found it on level 2 of the Lair of Beasts)

   [amulet of the acrobat]

   It helps you evade while moving and waiting.
   It affects your dexterity (+3).
   It affects your accuracy and damage with ranged weapons and melee attacks
   (+3).
 i - a ring of protection from fire (left hand)
 t - the amulet "Ylouh" (around neck) {RegenMP rF- rC+ Str+4 Dex+4}
   (You found it on level 5 of the Dungeon)

   [amulet of magic regeneration]

   It increases your magic regeneration.
   It affects your strength (+4).
   It affects your dexterity (+4).
   It makes you vulnerable to fire.
   It protects you from cold.
 u - a +6 ring of strength
 B - a ring of see invisible (right hand)
 E - a +4 ring of evasion
 F - a +6 ring of dexterity
 R - an uncursed ring of protection from cold
Wands
 x - a wand of iceblast (17)
 K - a wand of flame (37)
 L - a wand of paralysis (12)
 O - a wand of digging (5)
 Q - a wand of acid (3)
 Y - a wand of disintegration (13)
Scrolls
 d - a scroll of blinking
 h - a scroll of amnesia
 m - 5 scrolls of fear
 n - 5 scrolls of teleportation
 p - 9 scrolls of remove curse
 H - 3 scrolls of magic mapping
 S - a scroll of enchant armour
Potions
 e - 2 potions of cancellation
 f - 3 potions of stabbing
 k - 5 potions of curing
 o - 7 potions of haste
 w - 7 potions of heal wounds
 A - a potion of resistance
 U - a potion of invisibility {unknown}
Miscellaneous
 r - a tin of tremorstones (3/3)
 V - a box of beasts
Comestibles
 c - 18 rations


   Skills:
 + Level 8.5 Fighting
 + Level 8.5 Short Blades
 + Level 8.5 Long Blades
 + Level 8.5 Axes
 + Level 8.5 Maces & Flails
 + Level 8.5 Polearms
 + Level 8.5 Staves
 + Level 8.5 Slings
 + Level 8.5 Bows
 + Level 8.5 Crossbows
 + Level 8.5 Throwing
 + Level 8.5 Armour
 + Level 9.7 Dodging
 + Level 9.5 Stealth
 + Level 8.5 Shields
 + Level 8.5 Unarmed Combat
 + Level 9.9 Spellcasting
 + Level 10.1 Conjurations
 + Level 7.1 Hexes
 + Level 7.1 Charms
 + Level 7.1 Summonings
 + Level 7.1 Necromancy
 + Level 7.1 Translocations
 + Level 7.1 Transmutations
 + Level 7.1 Fire Magic
 + Level 7.1 Ice Magic
 + Level 7.1 Air Magic
 + Level 7.1 Earth Magic
 + Level 7.1 Poison Magic
 + Level 9.3 Invocations
 + Level 8.5 Evocations


You had 2 spell levels left.
You knew the following spells:

 Your Spells              Type           Power        Failure   Level  Hunger
a - Magic Dart            Conj           ####         1%          1    None
b - Searing Ray           Conj           ######       1%          2    None
c - Fulminant Prism       Conj/Hex       ######....   1%          4    ##.....
d - Shock                 Conj/Air       ####         1%          1    None
e - Foxfire               Conj/Fire      ####         1%          1    None
f - Frozen Ramparts       Ice            #####.       1%          3    None
g - Ignite Poison         Fire/Tmut/Pois #####...     1%          3    None
h - Mephitic Cloud        Conj/Pois/Air  #####...     1%          3    None
i - Freezing Cloud        Conj/Ice/Air   #####.....   11%         6    ######.
j - Bolt of Magma         Conj/Fire/Erth #####.....   1%          5    ####...

Your spell library contained the following spells:

 Spells                   Type           Power        Failure   Level  Hunger
 Irradiate                Conj/Tmut      ######....   1%          5    ####...
 Beastly Appendage        Tmut           #####.       1%          1    None
 Infusion                 Chrm           ####         1%          1    None
 Poisonous Vapours        Pois/Air       #####.       1%          2    None
 Shroud of Golubria       Chrm/Tloc      #####.       1%          2    None
 Song of Slaying          Chrm           #####...     1%          2    None
 Sticks to Snakes         Tmut           #####...     1%          2    None
 Swiftness                Chrm/Air       #####...     1%          2    None
 Conjure Flame            Conj/Fire      ######..     1%          3    None
 Dazzling Flash           Conj/Hex       ######       1%          3    None
 Ozocubu's Armour         Chrm/Ice       #####...     1%          3    None
 Recall                   Summ/Tloc      N/A          1%          3    None
 Spectral Weapon          Hex/Chrm       #####...     1%          3    None
 Spider Form              Tmut/Pois      #####.....   1%          3    None
 Static Discharge         Conj/Air       ######..     1%          3    None
 Airstrike                Air            #####.....   1%          4    ##.....
 Iskenderun's Mystic Bla  Conj/Tloc      ######..     1%          4    ##.....
 Fireball                 Conj/Fire      ######....   1%          5    ####...
 Lightning Bolt           Conj/Air       ######....   1%          5    ####...
 Animate Dead             Necr           N/A          3%          4    ##.....
 Cause Fear               Hex            #####.....   3%          4    ##.....
 Ice Form                 Ice/Tmut       #####...     3%          4    ##.....
 Yara's Violent Unravell  Hex/Tmut       #####.....   3%          5    ####...
 Blade Hands              Tmut           #####.....   11%         5    ####...
 Borgnjor's Vile Clutch   Necr/Erth      #####.....   11%         5    ####...
 Silence                  Hex/Air        #####.....   11%         5    ####...
 Death Channel            Necr           #####.....   52%         6    ######.
 Simulacrum               Ice/Necr       #####.....   52%         6    ######.
 Ring of Flames           Chrm/Fire      #####.....   97%         7    #######
 Discord                  Hex            #####.....   100%        8    #######


Dungeon Overview and Level Annotations

Branches:
Dungeon (12/15)            Temple (1/1) D:4            Lair (6/6) D:9
 Shoals (0/4) Lair:2        Snake (0/4) Lair:4        Slime (0/5) Lair:5
    Orc (0/2) D:12

Altars:
Ashenzari
Cheibriados
Dithmenos
Elyvilon
Fedhas
Gozag
Hepliaklqana
Kikubaaqudgha
Makhleb
Nemelex Xobeh
Okawaru
Qazlal
Ru
Sif Muna
Trog
Uskayaw
Vehumet
Wu Jian
Xom
Yredelemnul
Zin
The Shining One
Jiyva

Shops:
D:8 (   D:11 }*?}!


Innate Abilities, Weirdness & Mutations

Your experience applies equally to all skills.
You have extremely sharp teeth.
Your uncanny sense of smell can sniff out nearby items.
You have sharp toenails.
Scrolls take you a little longer to read.
Your magical capacity is low. (-10% MP)
Your system is resistant to poisons. (rPois)


Message History

(Press . to maintain the ray.)
You feel sick. The polar bear bites you!
* * * LOW HITPOINT WARNING * * *
The polar bear completely misses you.
The polar bear claws you but does no damage.
The wyvern barely misses you. The polar bear closely misses you.
The polar bear claws you.
* * * LOW HITPOINT WARNING * * *
The polar bear misses you.
The searing ray misses the polar bear.
The wyvern closely misses you.
The polar bear bites you but does no damage.
The polar bear completely misses you. x2; The wyvern barely misses you.
The searing ray hits the polar bear.
The polar bear is almost dead.
You feel sick. The polar bear barely misses you.
The polar bear completely misses you. The polar bear barely misses you.
The wyvern bites you!
* * * LOW HITPOINT WARNING * * *
The polar bear bites you!!
You die...

#..#.........PP#.#.....###.=.....
#.............PP......#####......
...#.........P.........##P.......
.##...................#..........
###P....<...<...P......##........
..#.....##.....#........P........
....>.........#.................P
...._......P..##l....P.........#.
........#....#.#@....(........[..
........#......h......#..........
.......##......#P...###..P..P....
..................P###...P.#.....
..#....#......##....P..Pb........
##....##.......#...............P#
.##..............P.............##
##......#......................##
###....####......................


You could see a polar bear (berserk) and a wyvern.

Vanquished Creatures
  A fire dragon (D:9)
  A catoblepas (Lair:2)
  3 hydras
  A two-headed ogre (D:12)
  Pikel (D:6)
  2 wolf spiders (Lair:2)
  2 ugly things
  2 manticores
  4 oklob plants (Lair:5)
  3 elephants (Lair:3)
  A black mamba (Lair:6)
  9 spiny frogs
  A centaur zombie (D:12)
  Psyche (D:8)
  Maggie (D:6)
  A rime drake (Lair:5)
  4 komodo dragons
  2 trolls (D:11)
  3 hornets
  A polar bear (Lair:4)
  3 slime creatures (D:12)
  16 blink frogs
  6 hippogriffs
  A shadow (D:12)
  34 yaks
  A wyvern (D:9)
  3 basilisks
  A steam dragon (D:11)
  A hungry ghost (D:12)
  An acid dragon (D:7)
  2 nagas (Lair:4)
  2 soldier ants (D:12)
  10 porcupines
  14 water moccasins
  A slave (D:6)
  5 sky beasts
  A hornet zombie (D:8)
  3 orc warriors
  An eye of draining (D:12)
  A phantom (D:9)
  2 black bears
  2 necrophages (D:10)
  5 ice beasts
  2 ogres
  12 wolves
  2 centaurs (D:5)
  11 crocodiles
  4 big kobolds
  8 bullfrogs
  A wyvern zombie (D:12)
  3 scorpions
  4 killer bees (D:10)
  11 wights
  2 howler monkeys
  A bullfrog zombie (D:8)
  A lava snake (D:11)
  10 jellies
  3 centaur skeletons
  6 orc wizards
  2 quasits
  4 orc priests
  A bullfrog skeleton (D:10)
  7 hounds
  3 iguanas
  Terence (D:2)
  16 worker ants
  A killer bee zombie (D:5)
  A howler monkey skeleton (D:7)
  7 gnolls
  15 adders
  4 shadow imps
  An ooze (D:3)
  2 adder skeletons (D:5)
  3 worms
  4 dart slugs
  4 leopard geckos
  51 orcs
  3 giant cockroaches
  8 goblins
  7 hobgoblins
  13 jackals
  21 kobolds
  3 quokkas
  A ball python (D:1)
  9 bats
  8 frilled lizards
  A jackal skeleton (D:7)
  2 leopard gecko skeletons
  A quokka skeleton (D:5)
  A quokka zombie (D:5)
  8 rats
  A fulminant prism (Lair:5)
  A fungus (Lair:4)
  3 plants
459 creatures vanquished.

Vanquished Creatures (others)
  4 foxfires (Lair:2)
  19 fulminant prisms
  10 fungi
  18 plants
51 creatures vanquished.

Grand Total: 510 creatures vanquished

Notes
Turn   | Place    | Note
-------+----------+-------------------------------------------
     0 | D:1      | thirtiethelement the Gnoll Conjurer began the quest for the
                  | Orb.
     0 | D:1      | Reached XP level 1. HP: 13/13 MP: 6/6
   129 | D:1      | Reached XP level 2. HP: 19/19 MP: 5/7
   633 | D:1      | You fall into a shaft and drop 1 floor!
   637 | D:2      | Learned a level 2 spell: Searing Ray
   639 | D:2      | Noticed Terence
   647 | D:2      | Killed Terence
   647 | D:2      | Reached skill level 5 in Spellcasting
   647 | D:2      | Reached skill level 1 in Invocations
   647 | D:2      | Reached XP level 3. HP: 25/25 MP: 0/9
  1199 | D:2      | Reached skill level 1 in Fighting
  1199 | D:2      | Reached skill level 1 in Short Blades
  1199 | D:2      | Reached skill level 1 in Long Blades
  1199 | D:2      | Reached skill level 1 in Axes
  1199 | D:2      | Reached skill level 1 in Maces & Flails
  1199 | D:2      | Reached skill level 1 in Polearms
  1199 | D:2      | Reached skill level 1 in Staves
  1199 | D:2      | Reached skill level 1 in Slings
  1199 | D:2      | Reached skill level 1 in Bows
  1199 | D:2      | Reached skill level 1 in Crossbows
  1199 | D:2      | Reached skill level 1 in Throwing
  1199 | D:2      | Reached skill level 1 in Armour
  1199 | D:2      | Reached skill level 1 in Shields
  1199 | D:2      | Reached skill level 1 in Unarmed Combat
  1199 | D:2      | Reached skill level 1 in Evocations
  1270 | D:2      | Reached XP level 4. HP: 32/32 MP: 4/11
  1307 | D:2      | Reached skill level 1 in Hexes
  1307 | D:2      | Reached skill level 1 in Charms
  1307 | D:2      | Reached skill level 1 in Summonings
  1307 | D:2      | Reached skill level 1 in Necromancy
  1307 | D:2      | Reached skill level 1 in Translocations
  1307 | D:2      | Reached skill level 1 in Transmutations
  1307 | D:2      | Reached skill level 1 in Fire Magic
  1307 | D:2      | Reached skill level 1 in Ice Magic
  1307 | D:2      | Reached skill level 1 in Air Magic
  1307 | D:2      | Reached skill level 1 in Earth Magic
  1307 | D:2      | Reached skill level 1 in Poison Magic
  1812 | D:2      | Reached XP level 5. HP: 37/37 MP: 10/12
  2437 | D:3      | Found a shimmering altar of Xom.
  3403 | D:3      | Learned a level 4 spell: Fulminant Prism
  3413 | D:4      | Reached XP level 6. HP: 43/44 MP: 7/13
  3515 | D:4      | Reached skill level 5 in Dodging
  4037 | D:4      | Found a staircase to the Ecumenical Temple.
  4252 | Temple   | Entered the Ecumenical Temple
  4313 | Temple   | Became a worshipper of Vehumet
  4697 | D:5      | Entered Level 5 of the Dungeon
  4702 | D:5      | Reached XP level 7. HP: 48/50 MP: 9/15
  5362 | D:5      | Learned a level 1 spell: Shock
  5374 | D:5      | Reached skill level 5 in Stealth
  5829 | D:5      | Got a pitted diamond amulet
  5830 | D:5      | Identified the amulet "Ylouh" {RegenMP rF- rC+ Str+4 Dex+4}
                  | (You found it on level 5 of the Dungeon)
  5975 | D:5      | Reached XP level 8. HP: 57/57 MP: 12/16
  6135 | D:6      | Noticed Maggie
  6154 | D:6      | Killed Maggie
  6373 | D:6      | Reached * piety under Vehumet
  6373 | D:6      | Offered knowledge of Sandblast by Vehumet.
  6400 | D:6      | Noticed Pikel
  6430 | D:6      | Killed Pikel
  6430 | D:6      | Reached XP level 9. HP: 45/65 MP: 18/18
  6809 | D:6      | Found a shadowy altar of Dithmenos.
  7782 | D:7      | Found a transporter.
  7800 | D:7      | Found a transporter.
  7991 | D:7      | Reached skill level 8 in Conjurations
  8417 | D:8      | Noticed Psyche
  8445 | D:8      | Killed Psyche
  8445 | D:8      | Offered knowledge of Foxfire by Vehumet.
  8448 | D:8      | Learned a level 1 spell: Foxfire
  8488 | D:8      | Reached ** piety under Vehumet
  8498 | D:8      | Reached skill level 5 in Invocations
  8650 | D:8      | Found Wenwabun's Antique Weapon Emporium.
  8653 | D:8      | Bought an ancient quarterstaff for 189 gold pieces
  8653 | D:8      | Identified the +3 quarterstaff of the Muttering Fulmar
                  | {vorpal, rElec Int+2} (You bought it in a shop on level 8
                  | of the Dungeon)
  9303 | D:9      | Reached XP level 10. HP: 70/73 MP: 13/20
  9536 | D:9      | Offered knowledge of Frozen Ramparts by Vehumet.
  9541 | D:9      | Learned a level 3 spell: Frozen Ramparts
  9550 | D:9      | Reached skill level 5 in Fighting
  9550 | D:9      | Reached skill level 5 in Short Blades
  9550 | D:9      | Reached skill level 5 in Long Blades
  9550 | D:9      | Reached skill level 5 in Axes
  9550 | D:9      | Reached skill level 5 in Maces & Flails
  9550 | D:9      | Reached skill level 5 in Polearms
  9550 | D:9      | Reached skill level 5 in Staves
  9550 | D:9      | Reached skill level 5 in Slings
  9550 | D:9      | Reached skill level 5 in Bows
  9550 | D:9      | Reached skill level 5 in Crossbows
  9550 | D:9      | Reached skill level 5 in Throwing
  9550 | D:9      | Reached skill level 5 in Armour
  9550 | D:9      | Reached skill level 5 in Shields
  9550 | D:9      | Reached skill level 5 in Unarmed Combat
  9550 | D:9      | Reached skill level 5 in Evocations
  9781 | D:9      | Found a staircase to the Lair.
 10340 | D:9      | Identified the +2 ring mail "Cougesees" {rN+} (You found it
                  | on level 9 of the Dungeon)
 10428 | D:9      | Noticed a fire dragon
 10439 | D:9      | Killed a fire dragon
 10560 | D:9      | Reached *** piety under Vehumet
 10680 | D:10     | Entered Level 10 of the Dungeon
 11030 | D:10     | Reached XP level 11. HP: 81/81 MP: 17/22
 11161 | D:11     | Found Tamuje's Magic Scroll Boutique.
 11161 | D:11     | Noticed a manticore
 11170 | D:11     | Offered knowledge of Olgreb's Toxic Radiance by Vehumet.
 11195 | D:11     | Bought a scroll of enchant armour for 105 gold pieces
 11195 | D:11     | Bought a scroll of identify for 28 gold pieces
 11195 | D:11     | Bought a scroll of identify for 28 gold pieces
 11195 | D:11     | Bought a scroll of identify for 28 gold pieces
 11195 | D:11     | Bought a scroll of identify for 28 gold pieces
 11222 | D:11     | Found Dech's General Store.
 11236 | D:11     | Bought a potion of heal wounds for 55 gold pieces
 11236 | D:11     | Bought a potion of heal wounds for 55 gold pieces
 11248 | D:11     | Gained mutation: You are clumsy. (Dex -2) [potion of
                  | mutation]
 11248 | D:11     | Gained mutation: You have extremely sharp teeth. [potion of
                  | mutation]
 11249 | D:11     | Lost mutation: You are clumsy. (Dex -2) [potion of
                  | mutation]
 11249 | D:11     | Gained mutation: You expend magic power (3 MP) to
                  | strengthen your wands. [potion of mutation]
 11249 | D:11     | Gained mutation: Your movements are slightly less
                  | encumbered by armour. (ER -2) [potion of mutation]
 11249 | D:11     | Gained mutation: Your system is resistant to poisons.
                  | (rPois) [potion of mutation]
 11249 | D:11     | Gained mutation: You have an increased reservoir of magic.
                  | (+10% MP) [potion of mutation]
 11602 | D:11     | Noticed a white ugly thing
 11613 | D:11     | Killed a white ugly thing
 11726 | D:11     | Found Joash's Distillery.
 11734 | D:11     | Reached skill level 5 in Hexes
 11734 | D:11     | Reached skill level 5 in Charms
 11734 | D:11     | Reached skill level 5 in Summonings
 11734 | D:11     | Reached skill level 5 in Necromancy
 11734 | D:11     | Reached skill level 5 in Translocations
 11734 | D:11     | Reached skill level 5 in Transmutations
 11734 | D:11     | Reached skill level 5 in Fire Magic
 11734 | D:11     | Reached skill level 5 in Ice Magic
 11734 | D:11     | Reached skill level 5 in Air Magic
 11734 | D:11     | Reached skill level 5 in Earth Magic
 11734 | D:11     | Reached skill level 5 in Poison Magic
 11743 | D:11     | Reached **** piety under Vehumet
 12025 | D:11     | Killed a manticore
 12444 | D:11     | Found Asullysi's Gadget Shop.
 12496 | D:11     | Found Oguoxar's Gadget Shop.
 12643 | D:11     | Offered knowledge of Ignite Poison by Vehumet.
 13101 | D:12     | Noticed a five-headed hydra
 13111 | D:12     | Killed a five-headed hydra
 13111 | D:12     | Reached skill level 9 in Conjurations
 13546 | D:12     | Found a staircase to the Orcish Mines.
 13572 | D:12     | Found an ancient bone altar of Kikubaaqudgha.
 13580 | D:12     | Noticed a manticore
 13625 | D:12     | Killed a manticore
 13647 | D:12     | Reached XP level 12. HP: 46/89 MP: 22/26
 13917 | D:12     | Noticed a two-headed ogre
 13934 | D:12     | Killed a two-headed ogre
 14143 | D:12     | Learned a level 3 spell: Ignite Poison
 14147 | D:12     | Learned a level 3 spell: Mephitic Cloud
 14154 | D:12     | Learned a level 6 spell: Freezing Cloud
 14177 | D:12     | Reached ***** piety under Vehumet
 14177 | D:12     | Offered knowledge of Bolt of Magma by Vehumet.
 14728 | Lair:1   | Entered Level 1 of the Lair of Beasts
 15245 | Lair:1   | Noticed an eight-headed hydra
 15259 | Lair:1   | Killed an eight-headed hydra
 15377 | Lair:1   | Learned a level 5 spell: Bolt of Magma
 16190 | Lair:2   | Noticed a seven-headed hydra
 16201 | Lair:2   | Killed a seven-headed hydra
 16446 | Lair:2   | Got a flickering graven amulet
 16492 | Lair:2   | Found a staircase to the Shoals.
 16715 | Lair:2   | Noticed a catoblepas
 16730 | Lair:2   | Killed a catoblepas
 16730 | Lair:2   | Reached XP level 13. HP: 35/98 MP: 24/28
 18065 | Lair:3   | Offered knowledge of Irradiate by Vehumet.
 18150 | Lair:3   | Lost mutation: You expend magic power (3 MP) to strengthen
                  | your wands. [potion of mutation]
 18150 | Lair:3   | Lost mutation: You have an increased reservoir of magic.
                  | (+10% MP) [potion of mutation]
 18150 | Lair:3   | Lost mutation: Your movements are slightly less encumbered
                  | by armour. (ER -2) [potion of mutation]
 18150 | Lair:3   | Gained mutation: Your magical capacity is low. (-10% MP)
                  | [potion of mutation]
 18150 | Lair:3   | Gained mutation: Scrolls take you a little longer to read.
                  | [potion of mutation]
 18150 | Lair:3   | Gained mutation: You have sharp toenails. [potion of
                  | mutation]
 18530 | Lair:4   | Found a staircase to the Snake Pit.
 19522 | Lair:5   | Found a staircase to the Slime Pits.
 19522 | Lair:5   | Found a viscous altar of Jiyva.
 19526 | Lair:5   | Identified the Disquisition on Blistering Poison
 19578 | Lair:5   | Reached skill level 10 in Conjurations
 20151 | Lair:5   | Identified the amulet "Riutt" {Acrobat Dex+3 Slay+3} (You
                  | found it on level 2 of the Lair of Beasts)
 20155 | Lair:5   | Identified the ring of Denuo {rPois rN+ MP+9} (You found it
                  | on level 5 of the Lair of Beasts)
 20159 | Lair:5   | Identified the cursed +1 morningstar of Conscience {vorpal,
                  | Int+3 Stlth+} (You found it on level 5 of the Lair of
                  | Beasts)
 20515 | Lair:6   | Entered Level 6 of the Lair of Beasts
 20534 | Lair:5   | Slain by a polar bear

Illustrated notes

Levels and vault maps discovered:
D:1:      erik_arrival_orb_chamber, layout_loops_ring
D:2:      layout_loops_cross, first_ration, uniq_terence
D:3:      layout_loops_ring, xom_teletrap_fun, kennysheep_potato
D:4:      layout_cave_pools, minmay_temple_entry_crystal_x, minmay_starry_boxes
D:5:      minmay_clustersquares, layout_basic
D:6:      layout_basic, basic_altar, uniq_pikel, uniq_maggie
D:7:      gammafunk_cloud_chamber, layout_basic, corexii_hall_statues_i
D:8:      layout_loops_ring, serial_shops, kennysheep_mini_moat, uniq_psyche
D:9:      layout_basic, grunt_lair_entry_orc_guard_hut
D:10:     layout_roguey, serial_undead, serial_undead_a, serial_undead_c,
          serial_undead_b, serial_undead_d
D:11:     kennysheep_spiral_hall, layout_rooms, serial_shops,
          nicolae_shop_statue_plus, nicolae_shop_behind_doors, shop_statue,
          kennysheep_little_box, shop, kennysheep_generic_room_2
D:12:     layout_roguey, hiddenorc1_lemuel, basic_altar,
          hangedman_pestilent_swarm
Temple:   regret_index_temple_sigil_plot
Lair:1:   layout_gridlike, cheibrodos_lair_caveside_slide, grunt_megastairs_5
Lair:2:   minmay_lair_venomous_thicket, layout_chaotic_city, shoals_dummy_entry,
          columned_hall_lemuel, infiniplex_staircase_pool, grunt_megastairs_3
Lair:3:   layout_cave_pods, grunt_megastairs_1
Lair:4:   layout_long_grid, minmay_snake_entry_guardpost_small
Lair:5:   layout_misc_corridors, slime_altar_1, grunt_megastairs_2,
          lemuel_fruit_fields, minmay_lair_oklob_chamber
Lair:6:   hangedman_lair_tendril_chambers, layout_gridlike,
          guppyfry_lair_end_dragon, serial_forest,
          infiniplex_forest_lined_3_way, infiniplex_forest_zigzag_1,
          infiniplex_forest_corner_1, infiniplex_forest_end_3,
          infiniplex_forest_end_2, infiniplex_forest_end_3,
          infiniplex_forest_clump_curved, chequers_serial_rivers_room_a,
          chequers_serial_rivers_micro_e, st_stairs_13

Skill      XL: |  1  2  3  4  5  6  7  8  9 10 11 12 13 |
---------------+----------------------------------------+-----
Spellcasting   | 5 6 7 8 9 |  9.9
Invocations    | 1 2 3 4 5 6 7 8 9 |  9.3
Fighting       | 1 2 3 4 5 6 7 8 |  8.5
Short Blades   | 1 2 3 4 5 6 7 8 |  8.5
Long Blades    | 1 2 3 4 5 6 7 8 |  8.5
Axes           | 1 2 3 4 5 6 7 8 |  8.5
Maces & Flails | 1 2 3 4 5 6 7 8 |  8.5
Polearms       | 1 2 3 4 5 6 7 8 |  8.5
Staves         | 1 2 3 4 5 6 7 8 |  8.5
Slings         | 1 2 3 4 5 6 7 8 |  8.5
Bows           | 1 2 3 4 5 6 7 8 |  8.5
Crossbows      | 1 2 3 4 5 6 7 8 |  8.5
Throwing       | 1 2 3 4 5 6 7 8 |  8.5
Armour         | 1 2 3 4 5 6 7 8 |  8.5
Shields        | 1 2 3 4 5 6 7 8 |  8.5
Unarmed Combat | 1 2 3 4 5 6 7 8 |  8.5
Evocations     | 1 2 3 4 5 6 7 8 |  8.5
Hexes          | 1 2 3 4 5 6 7 |  7.1
Charms         | 1 2 3 4 5 6 7 |  7.1
Summonings     | 1 2 3 4 5 6 7 |  7.1
Necromancy     | 1 2 3 4 5 6 7 |  7.1
Translocations | 1 2 3 4 5 6 7 |  7.1
Transmutations | 1 2 3 4 5 6 7 |  7.1
Fire Magic     | 1 2 3 4 5 6 7 |  7.1
Ice Magic      | 1 2 3 4 5 6 7 |  7.1
Air Magic      | 1 2 3 4 5 6 7 |  7.1
Earth Magic    | 1 2 3 4 5 6 7 |  7.1
Poison Magic   | 1 2 3 4 5 6 7 |  7.1
Dodging        | 5 6 7 8 9 |  9.7
Stealth        | 5 6 7 8 9 |  9.5
Conjurations   | 8 9 10 | 10.1

Action                   |  1- 3 |  4- 6 |  7- 9 | 10-12 | 13-15 || total
-------------------------+-------+-------+-------+-------+-------++-------
Melee: Dagger            |       |    32 |    94 |       |       ||   126
       Bite              |       |     9 |     9 |    41 |    15 ||    74
       Flail             |       |    32 |       |       |       ||    32
       Quarterstaff      |       |       |     4 |   306 |   104 ||   414
       Kick              |       |       |       |       |    13 ||    13
Throw: Boomerang         |       |       |     3 |    13 |    12 ||    28
 Cast: Magic Dart        |    49 |    74 |    82 |    91 |    24 ||   320
       Searing Ray       |     1 |    17 |    37 |    92 |    42 ||   189
       Fulminant Prism   |       |     2 |     6 |     6 |     6 ||    20
       Shock             |       |       |     1 |       |       ||     1
       Frozen Ramparts   |       |       |       |    13 |     9 ||    22
       Bolt of Magma     |       |       |       |     6 |       ||     6
       Mephitic Cloud    |       |       |       |     3 |    11 ||    14
       Ignite Poison     |       |       |       |     2 |    10 ||    12
       Foxfire           |       |       |       |     2 |       ||     2
  Use: Scroll            |     3 |     4 |    14 |    14 |     8 ||    43
       Potion            |       |       |       |     2 |     1 ||     3
 Stab: Sleeping          |       |       |       |     4 |       ||     4
       Confused          |       |       |       |     1 |     4 ||     5
  Eat: Chunk             |     1 |     9 |     9 |     5 |     4 ||    28
       Ration            |       |       |     2 |     6 |     3 ||    11
Armor: Robe              |     1 |    24 |    11 |       |       ||    36
       Acid dragon scale |       |       |    29 |   120 |    46 ||   195
Dodge: Dodged            |     5 |    70 |   108 |   349 |   136 ||   668

Table legend:
 A = Non-vault XP
 B = Vault XP
 C = Vault XP percentage of total XP
 D = Non-vault monster count
 E = Vault monster count
 F = Vault count percentage of total count
                 A         B        C        D         E       F
            +---------+---------+-------+---------+---------+-------
      Total |   36851 |   15365 |  29.4 |     359 |      94 |  20.8
            +---------+---------+-------+---------+---------+-------
        D:1 |      34 |       0 |   0.0 |      22 |       0 |   0.0
        D:2 |     104 |      36 |  25.7 |      21 |       1 |   4.5
        D:3 |     185 |       9 |   4.6 |      32 |       2 |   5.9
        D:4 |     208 |      33 |  13.7 |      16 |       2 |  11.1
        D:5 |     576 |     281 |  32.8 |      26 |       9 |  25.7
        D:6 |     149 |    1030 |  87.4 |      10 |       2 |  16.7
        D:7 |     336 |     329 |  49.5 |      14 |       5 |  26.3
        D:8 |     853 |     404 |  32.1 |      13 |       1 |   7.1
        D:9 |    2741 |     822 |  23.1 |      38 |       6 |  13.6
       D:10 |     937 |     420 |  31.0 |      11 |       5 |  31.2
       D:11 |    3744 |     865 |  18.8 |      32 |       5 |  13.5
       D:12 |    7168 |     724 |   9.2 |      30 |      21 |  41.2
     Lair:1 |    3464 |    1436 |  29.3 |      16 |       4 |  20.0
     Lair:2 |    3842 |    2825 |  42.4 |      13 |      13 |  50.0
     Lair:3 |    3698 |    1594 |  30.1 |      21 |       4 |  16.0
     Lair:4 |    5051 |     319 |   5.9 |      26 |       2 |   7.1
     Lair:5 |    3285 |    4238 |  56.3 |      17 |      12 |  41.4
     Lair:6 |     476 |       0 |   0.0 |       1 |       0 |   0.0
            +---------+---------+-------+---------+---------+-------
